 Dungeon Crawl Stone Soup version 0.30.0-11-gf55b779eaf (webtiles) character file.

Game seed: 6284290401927125986

21 Jackthecabe the Sneak (level 2, 0/15 HPs)
             Began as a Vine Stalker Brigand on May 16, 2023.
             Slain by Ijyb
             ... wielding a +0 club
              (2 damage)
             ... on level 2 of the Dungeon.
             The game lasted 00:01:49 (942 turns).

Jackthecabe the Sneak (Vine Stalker Brigand)         Turns: 942, Time: 00:01:50

Health: 0/15       AC:  4    Str: 13    XL:     2   Next: 87%
Magic:  0/3        EV: 11    Int: 11    God:
Gold:   78         SH:  0    Dex: 15    Spells: 1/1 levels left

rFire   . . .        a - +2 dagger
rCold   . . .        (no shield)
rNeg    . . .        j - +0 leather armour
rPois   .            (no helmet)
rElec   .            c - +0 cloak
rCorr   .            (no gloves)
SInv    .            (no boots)
Will    .....        (no amulet)
Stlth   +++          (no ring)
HPRegen 0.22/turn    (no ring)
MPRegen 0.08/turn

%: guardian spirit
@: no status effects
A: fangs 2, magic shield, antimagic bite, no potion heal 2
a: no special abilities


You were on level 2 of the Dungeon.
You visited 1 branch of the dungeon, and saw 2 of its levels.

You collected 78 gold pieces.


Innate Abilities, Weirdness & Mutations

You have extremely sharp teeth.
When hurt, damage is shared between your health and your magic reserves.
Your bite disrupts and absorbs the magic of your enemies.
Potions cannot restore your health.


   Skills:
 * Level 2.2 Fighting
 * Level 2.2 Short Blades
 + Level 0.5(1.4) Long Blades
 - Level 1.7 Throwing
 - Level 0.7 Dodging
 + Level 5.0 Stealth


You had one spell level left.
You didn't know any spells.
Your spell library was empty.

Inventory:

Hand Weapons
 a - a +2 dagger (weapon)
Missiles
 d - 15 poisoned darts (quivered)
 e - 2 curare-tipped darts {=f}
Armour
 b - a +0 robe
 c - a +0 cloak (worn)
 j - a +0 leather armour (worn)
Jewellery
 l - an amulet of the acrobat
Scrolls
 g - 2 scrolls of teleportation {unknown}
 h - a scroll of silence {unknown}
 k - 3 scrolls of identify {unknown}
Potions
 f - a potion of experience {unknown}
 i - a potion of cancellation {unknown}
 m - a potion of haste {unknown}
 n - a potion of might {unknown}

Dungeon Overview and Level Annotations

Branches:
Dungeon (2/15)

Altars:
Elyvilon

Annotations:
D:2 Ijyb

.....# #.#
#....#########.#
............#.#
.........#.#
.........#.#
.....<...#.#
.........#.#
......g..#.#
#@##.# #.##.#
#.##.# #....#
####.# #.# ..#
.## .#


You could see Ijyb (very poisoned, slow).


Message History

Ijyb hits you but does no damage.
You hit Ijyb.
Ijyb is heavily wounded.
Ijyb barely misses you.
You hit Ijyb.
Ijyb is heavily wounded.
Ijyb hits you but does no damage.
You hit Ijyb.
Ijyb is heavily wounded.
You barely miss Ijyb.
Ijyb is heavily wounded.
Ijyb hits you with a +0 club.
* * * LOW HITPOINT WARNING * * *
You aren't carrying any items that you can evoke.
Okay, then.
Throw: 3 darts (curare) {=f}
Press: ? - help, Shift-Dir - straight line, f - Ijyb
Aim: Ijyb, wielding a +0 club, wearing a +0 leather armour and quivering stones (heavily wounded, 51% to hit)
You throw a curare-tipped dart {=f}. The curare-tipped dart {=f} hits Ijyb.
Ijyb is poisoned.
Ijyb convulses.
Ijyb seems to slow down.
Ijyb is severely wounded.
Ijyb barely misses you.
Unknown command.
You hit Ijyb. Your bite misses Ijyb.
Ijyb is severely wounded.
You hit Ijyb. You bite Ijyb, but do no damage.
Ijyb is almost dead.
Ijyb hits you with a +0 club.
You die...

Skill      XL: |  1  2 |
---------------+-------+-----
Fighting       | 2 |  2.2
Short Blades   | 2 |  2.2
Stealth        | 5 |  5.0
Long Blades    | |  0.5
Throwing       | |  1.7
Dodging        | |  0.7

Action                     || total
---------------------------++-------
  Melee: Dagger            ||    72
         Bite              ||    12
         Punch             ||     3
  Throw: Dart              ||     1
   Stab: Sleeping          ||     3
 Armour: Robe              ||     7
         Leather armour    ||     8
  Dodge: Dodged            ||    26

Levels and vault maps discovered:
D:1:      mrwooster_arrival_statue_3, layout_rooms, nrook_uturn,
          minmay_heptomino_h4
D:2:      kennysheep_the_goblin_king, layout_basic, serial_shops, shop,
          basic_altar

Notes
Turn   | Place    | Note
-------+----------+-------------------------------------------
     0 | D:1      | Jackthecabe the Vine Stalker Brigand began the quest for
                  | the Orb.
     0 | D:1      | Reached XP level 1. HP: 11/11 MP: 2/2
   162 | D:1      | Reached skill level 2 in Fighting
   164 | D:1      | Reached skill level 2 in Short Blades
   168 | D:1      | Reached XP level 2. HP: 5/15 MP: 0/3
   395 | D:1      | Reached skill level 5 in Stealth
   725 | D:2      | Found a white marble altar of Elyvilon.
   807 | D:2      | Noticed Ijyb
   915 | D:2      | Paralysed by Ijyb for 5 turns
   939 | D:2      | HP: 1/15 [Ijyb/+0 club (3)]
   942 | D:2      | Slain by Ijyb

Vanquished Creatures
  2 endoplasms (D:1)
  A giant cockroach (D:1)
  2 goblins
  4 hobgoblins (D:1)
  A kobold (D:1)
  3 quokkas (D:1)
  A ball python (D:1)
  3 bats
  A frilled lizard (D:1)
18 creatures vanquished.

Table legend: (Time is in decaauts)
 A = Elapsed time spent in this place.
 B = Non-inter-level travel time spent in this place.
 C = Inter-level travel time spent in this place.
 D = Time resting spent in this place.
 E = Time spent auto-exploring this place.
 F = Levels seen in this place.
 G = Mean time per level.
                   A        B        C        D        E       F      G
               +--------+--------+--------+--------+--------+-----+--------+
         Total |    934 |    919 |     15 |     15 |    645 |   2 |  467.0 |
       Dungeon |    934 |    919 |     15 |     15 |    645 |   2 |  467.0 |
               +--------+--------+--------+--------+--------+-----+--------+

Top non-repeatable levels by time:
     D:1: 712 daAuts
     D:2: 222 daAuts

Table legend:
 A = Non-vault XP
 B = Vault XP
 C = Vault XP percentage of total XP
 D = Non-vault monster count
 E = Vault monster count
 F = Vault count percentage of total count
                 A         B        C        D         E       F
            +---------+---------+-------+---------+---------+-------
      Total |      27 |       4 |  12.9 |      15 |       3 |  16.7
            +---------+---------+-------+---------+---------+-------
        D:1 |      26 |       2 |   7.1 |      14 |       2 |  12.5
        D:2 |       1 |       2 |  66.7 |       1 |       1 |  50.0
            +---------+---------+-------+---------+---------+-------
